 Dungeon Crawl Stone Soup version 0.30.0-19-g36f170ea60 (webtiles) character file.

Game seed: 3198280315932839822

282 PaiMei the Chiller (level 6, -1/41 HPs)
             Began as a Merfolk Ice Elementalist on May 30, 2023.
             Slain by a sleepcap (5 damage)
             ... on level 4 of the Dungeon.
             The game lasted 00:09:14 (3236 turns).

PaiMei the Chiller (Merfolk Ice Elementalist)       Turns: 3236, Time: 00:09:15

Health: -1/41      AC:  2    Str:  8    XL:     6   Next: 28%
Magic:  11/11      EV: 14    Int: 16    God:
Gold:   146        SH:  0    Dex: 15    Spells: 7/11 levels left

rFire   + . .        a - +2 dagger (venom)
rCold   + . .        (no shield)
rNeg    + . .        f - +0 robe
rPois   .            (no helmet)
rElec   .            i - scarf {rC+ rF+}
rCorr   .            (no gloves)
SInv    .            (no boots)
Will    .....        (no amulet)
Stlth   +++          n - ring of positive energy
HPRegen 0.26/turn    (no ring)
MPRegen 0.12/turn

%: no passive effects
@: no status effects
A: (nimble swimmer 2), mertail
a: no special abilities


You were on level 4 of the Dungeon.
You visited 1 branch of the dungeon, and saw 4 of its levels.

You collected 146 gold pieces.

Inventory:

Hand Weapons
 a - a +2 dagger of venom (weapon)
 b - a +0 sling
 l - a +1 whip of freezing
 B - a +0 trident
Missiles
 c - 34 stones
 j - 7 poisoned darts (quivered)
Armour
 f - a +0 robe (worn)
 i - a scarf of resistance (worn)
 o - an orb of mayhem
 C - a +0 cloak
Jewellery
 n - a ring of positive energy (left hand)
Scrolls
 e - 3 scrolls of identify {unknown}
 m - 2 scrolls of amnesia {unknown}
 q - a scroll of vulnerability {unknown}
 r - a scroll of fog {unknown}
 s - a scroll of silence {unknown}
 v - 2 scrolls of enchant weapon {unknown}
 w - 2 scrolls of enchant armour {unknown}
 y - a scroll of fear {unknown}
 A - a scroll of noise {unknown}
Potions
 d - 2 potions of heal wounds {unknown}
 g - a potion of magic
 h - 2 potions of might {unknown}
 k - a potion of lignification {unknown}
 p - a potion of mutation {unknown}
 t - 2 potions of brilliance {unknown}
 u - 2 potions of cancellation {unknown}
 x - a potion of degeneration {unknown}
 z - 2 potions of flight {unknown}


   Skills:
 + Level 4.8 Dodging
 + Level 4.2 Stealth
 + Level 3.4 Spellcasting
 + Level 5.4 Ice Magic


You had 7 spell levels left.
You knew the following spells:

 Your Spells              Type           Power      Damage    Failure   Level
a - Freeze                Ice            80%        1d9       1%          1
b - Frozen Ramparts       Ice            40%        1d7       5%          3

Your spell library contained the following spells:

 Spells                   Type           Power      Damage    Failure   Level
 Ozocubu's Armour         Ice            20%        N/A       5%          3
 Scorch                   Fire           4%         2d5       26%         2
 Summon Ice Beast         Ice/Summ       11%        N/A       50%         4
 Flame Wave               Conj/Fire      2%         2d4       87%         4
 Summon Cactus Giant      Summ           1%         N/A       100%        6


Dungeon Overview and Level Annotations

Branches:
Dungeon (4/15)
 Temple: D:4-7

Altars:

Shops:
D:2 :


Innate Abilities, Weirdness & Mutations

((You are very nimble when in or above water. (Stealth+, EV+, Speed+++)))
Your lower body shifts to a powerful aquatic tail in water.


Message History

The sleepcap is heavily damaged.
The sleepcap releases spores at you!
You are engulfed in a cloud of soporific spores!
You fall asleep.
The sleepcap barely misses you. The sleepcap releases spores at you.
You wake up.
You hit the sleepcap but do no damage.
The sleepcap is heavily damaged.
The sleepcap releases spores at you.
You are engulfed in a cloud of soporific spores!
You are unaffected.
You hit the sleepcap.
The sleepcap is heavily damaged.
The sleepcap barely misses you.
You hit the sleepcap but do no damage.
The sleepcap is heavily damaged.
The sleepcap misses you.
You hit the sleepcap but do no damage. You punch the sleepcap.
The sleepcap is heavily damaged.
The sleepcap releases spores at you!
You hit the sleepcap.
The sleepcap is severely damaged.
The sleepcap barely misses you.
You hit the sleepcap but do no damage.
The sleepcap is severely damaged.
The sleepcap closely misses you.
You hit the sleepcap but do no damage.
The sleepcap is poisoned.
The sleepcap is severely damaged.
The sleepcap releases spores at you!
You are engulfed in a cloud of soporific spores!
You fall asleep.
The sleepcap releases spores at you but does no damage.
The sleepcap releases spores at you!
You wake up.
* * * LOW HITPOINT WARNING * * *
You are engulfed in a cloud of soporific spores!
You are unaffected.
You hit the sleepcap but do no damage.
The sleepcap looks as sick as possible!
The sleepcap is almost destroyed.
The sleepcap releases spores at you.
You die...

#### #..
#.####
#.<..# #
#.##.#.#
##.#@f..###
#.........#
#######.#.#
# #


You could see a sleepcap (extremely poisoned).

Vanquished Creatures
  A black bear (D:4)
  An orc priest (D:4)
  2 orc wizards (D:4)
  2 adders
  A worm (D:3)
  17 orcs (D:4)
  4 endoplasms
  A giant cockroach (D:1)
  3 goblins
  6 hobgoblins
  3 jackals (D:2)
  5 kobolds
  3 quokkas
  10 ball pythons
  7 bats
  5 frilled lizards
  5 rats
76 creatures vanquished.

Notes
Turn   | Place    | Note
-------+----------+-------------------------------------------
     0 | D:1      | PaiMei the Merfolk Ice Elementalist began the quest for the
                  | Orb.
     0 | D:1      | Reached XP level 1. HP: 13/13 MP: 3/3
   467 | D:1      | Reached XP level 2. HP: 19/19 MP: 3/5
   977 | D:2      | Reached XP level 3. HP: 24/24 MP: 6/6
  1142 | D:2      | Found a faded altar of an unknown god.
  1369 | D:2      | HP: 1/24 [adder (3)]
  1661 | D:2      | Found Jall's Book Boutique.
  1963 | D:3      | Reached XP level 4. HP: 30/30 MP: 7/7
  2458 | D:4      | Reached skill level 5 in Ice Magic
  2671 | D:4      | Reached XP level 5. HP: 33/35 MP: 9/9
  2685 | D:4      | Noticed a black bear
  2694 | D:4      | Learned a level 3 spell: Frozen Ramparts
  2738 | D:4      | Killed a black bear
  2768 | D:4      | Reached XP level 6. HP: 27/41 MP: 4/10
  3236 | D:4      | Slain by a sleepcap

Illustrated notes

Levels and vault maps discovered:
D:1:      dpeg_arrival_rooms_b, layout_rooms, minmay_shallow_snake_nest
D:2:      layout_basic, serial_shops, nicolae_shop_window_shopping,
          ebering_ecumenical_altar_sacrificial
D:3:      layout_rooms
D:4:      layout_basic, nicolae_overflow_hidden_temple,
          nicolae_uskayaw_murder_on_the_dancefloor, serial_park_tiny_2

Skill      XL: |  1  2  3  4  5 |
---------------+----------------+-----
Dodging        | 3 4 |  4.8
Stealth        | 3 4 |  4.2
Ice Magic      | 5 |  5.4
Spellcasting   | 3 |  3.4

Action                     |  1- 3 |  4- 6 || total
---------------------------+-------+-------++-------
  Melee: Unarmed           |    11 |       ||    11
         Dagger            |    80 |    98 ||   178
         Whip              |     7 |       ||     7
         Hand axe          |     4 |       ||     4
         Punch             |       |     2 ||     2
   Cast: Freeze            |    10 |       ||    10
         Frozen Ramparts   |       |     3 ||     3
   Stab: Sleeping          |     6 |     3 ||     9
         Distracted        |       |     1 ||     1
 Armour: Robe              |    31 |    16 ||    47
  Dodge: Dodged            |    90 |    54 ||   144
